 Dungeon Crawl Stone Soup version 0.24-a0-201-gf205589 (webtiles) character file.

Game seed: 7784803268563362091

184 Azzok the Firebug (level 5, -2/31 HPs)
             Began as an Octopode Fire Elementalist on Mar 22, 2019.
             Slain by an orc wizard
             ... wielding a +0 dagger
              (3 damage)
             ... on level 3 of the Dungeon.
             The game lasted 00:05:31 (3736 turns).

Azzok the Firebug (Octopode Fire Elementalist)      Turns: 3736, Time: 00:05:32

Health: -2/31      AC:  1    Str:  7    XL:     5   Next: 63%
Magic:  0/10       EV: 13    Int: 19    God:
Gold:   165        SH:  0    Dex: 12    Spells: 2/10 levels left

rFire    . . .     SeeInvis .   l - staff of air
rCold    . . .     Gourm    .   (no shield)
rNeg     . . .     Faith    .   (helmet restricted)
rPois    .         Spirit   .   (no amulet)
rElec    +         Reflect  .   j - ring of wizardry
rCorr    .         Harm     .   n - ring of wizardry
MR       .....                  (no ring)
Stlth    +++.......             (no ring)
HPRegen  0.10/turn              (no ring)
MPRegen  0.12/turn              (no ring)
                                (no ring)
                                (no ring)

@: very slightly contaminated, hasted, very quick
A: almost no armour, stealthy swim, amphibious, 8 rings, constrict 8, camouflage
1, gelatinous body 1
a: no special abilities


You were on level 3 of the Dungeon.
You were near starving.

You visited 1 branch of the dungeon, and saw 4 of its levels.

You collected 165 gold pieces.

Inventory:

Magical Staves
 l - an uncursed staff of air (weapon)
Jewellery
 j - a ring of wizardry (left tentacle)
 n - a ring of wizardry (right tentacle)
Wands
 m - a wand of flame (27)
Scrolls
 c - a scroll of fear {unknown}
 d - 8 scrolls of identify {unknown}
 e - 4 scrolls of magic mapping {unknown}
 f - 2 scrolls of teleportation {unknown}
 h - 2 scrolls of enchant armour {unknown}
 k - a scroll of noise {unknown}
 o - a scroll of remove curse {unknown}
Potions
 a - a potion of heal wounds {unknown}
 g - a potion of haste
 i - a potion of agility {unknown}
 p - a potion of curing {unknown}
Comestibles
 b - 8 rations


   Skills:
 - Level 2.0 Dodging
 - Level 2.6 Stealth
 + Level 3.3 Spellcasting
 + Level 3.1 Conjurations
 + Level 4.2 Fire Magic


You had 2 spell levels left.
You knew the following spells:

 Your Spells              Type           Power        Failure   Level  Hunger
a - Flame Tongue          Conj/Fire      ###..        1%          1    None
b - Conjure Flame         Conj/Fire      ###.....     2%          3    ###....
c - Sticky Flame          Conj/Fire      ###.....     9%          4    ####...

Your spell library contained the following spells:

 Spells                   Type           Power        Failure   Level  Hunger
 Throw Flame              Conj/Fire      ###...       1%          2    ##.....
 Inner Flame              Hex/Fire       ##......     5%          3    ###....
 Fireball                 Conj/Fire      ###.......   22%         5    ######.


Dungeon Overview and Level Annotations

Branches:
Dungeon (4/15)
 Temple: D:4-7

Altars:


Innate Abilities, Weirdness & Mutations

You cannot wear most types of armour.
You are very stealthy in the water. (Stealth+)
You are amphibious.
You can wear up to eight rings at the same time.
You can use your tentacles to constrict eight enemies at once.
Your skin changes colour to match your surroundings (Stealth+).
Your rubbery body absorbs attacks. (AC +1, EV +1)


Message History

You are near starving!
The orc priest closely misses you.
The orc hits you with a +1 hand axe of chopping.
* * * LOW HITPOINT WARNING * * *
x2 You hit the orc but do no damage.
Your grab misses the orc.
The orc is severely wounded.
Casting: Flame Tongue (safe; 1% risk of failure)
Confirm with . or Enter, or press ? or * to list all spells.
Aiming: Flame Tongue (safe; 1% risk of failure)
Press: ? - help, Shift-Dir - straight line, f/p - orc priest
Aim: an orc priest, wielding a +0 falchion (moderately wounded)
The flame tongue hits something.
* * * LOW MAGIC WARNING * * *
You miss something. Something hits you but does no damage.
The orc priest invokes the aid of Beogh against you.
Beogh smites you!
* * * LOW HITPOINT WARNING * * *
Sorry, you're not good enough to have a special ability.
It was a potion of haste.
You feel yourself speed up. Something hits you.
You die...

▒▒▒▒·▒▒▒·▒ ▒·▒·[·▒▒ ▒·▒
·····▒·▒·▒ ▒·▒···▒ ▒·▒
▒▒·▒···▒·▒ ▒·▒···▒ ▒·▒
···▒·▒·▒·▒ ▒·▒···▒ ▒·▒
▒▒▒▒·▒·▒·▒ ▒·▒▒▒▒▒ ▒·▒
·····▒·▒·▒▒▒·▒▒▒▒▒▒▒▒▒·▒
·············>·········▒
▒▒·▒····)·····▒▒▒▒▒▒▒▒▒▒▒▒
▒▒·▒·▒·▒·····oo·@········▒
·▒·▒·▒·▒▒▒▒▒▒·▒▒▒▒▒▒▒▒▒▒·▒
·▒·▒·▒····▒▒······▒ ▒·▒
·▒·▒·▒▒▒▒·▒▒··▒▒▒·▒ ▒·▒
·▒·▒·▒····▒▒··▒ ▒·▒ ▒·▒
▒▒·▒·▒▒·▒▒▒▒··▒▒▒·▒ ▒·▒
···············▒▒·▒▒▒▒▒▒·▒
···▒····▒▒▒▒···▒▒········▒
▒▒▒▒▒▒▒▒▒▒▒▒·▒·▒▒▒▒▒▒▒▒▒▒▒


You could see an orc priest and an orc.

Vanquished Creatures
  2 orc wizards
  A hound skeleton (D:2)
  5 adders
  A worm (D:4)
  2 dart slugs
  3 leopard geckos
  3 orcs
  7 goblins
  6 hobgoblins
  3 jackals (D:2)
  A quokka (D:2)
  A ball python (D:3)
  6 bats
  2 frilled lizards
  10 kobolds
  8 rats
61 creatures vanquished.

Notes
Turn   | Place    | Note
-------+----------+-------------------------------------------
     0 | D:1      | Azzok the Octopode Fire Elementalist began the quest for
                  | the Orb.
     0 | D:1      | Reached XP level 1. HP: 11/11 MP: 3/3
   270 | D:1      | Reached XP level 2. HP: 15/17 MP: 1/5
  1088 | D:2      | Found a faded altar of an unknown god.
  1198 | D:2      | Reached XP level 3. HP: 21/21 MP: 3/6
  1362 | D:2      | Reached XP level 4. HP: 20/27 MP: 4/8
  2295 | D:3      | Learned a level 3 spell: Conjure Flame
  2300 | D:3      | Learned a level 4 spell: Sticky Flame
  2824 | D:3      | Reached skill level 4 in Fire Magic
  2824 | D:3      | Reached XP level 5. HP: 30/31 MP: 5/9
  3607 | D:4      | Noticed an orc warrior
  3735 | D:3      | HP: 1/31 [orc priest/divine providence (9)]
  3736 | D:3      | Slain by an orc wizard

Levels and vault maps discovered:
D:1:      elethiomel_arrival_fortress_basement, layout_basic
D:2:      layout_loops_ring, chequers_ecumenical_altar_simple,
          minmay_misc_feat_room
D:3:      layout_basic
D:4:      layout_loops_ring, first_ration, small_statue_intersection

Skill      XL: |  1  2  3  4  5 |
---------------+----------------+-----
Conjurations   | 2 3 |  3.1
Spellcasting   | 3 |  3.3
Fire Magic     | 4 |  4.2
Dodging        | |  2.0
Stealth        | |  2.6

Action                   |  1- 3 |  4- 6 || total
-------------------------+-------+-------++-------
Melee: Unarmed           |    20 |    13 ||    33
       Constrict         |     7 |     3 ||    10
       Tentacles         |     3 |     2 ||     5
       Staff             |       |     7 ||     7
 Cast: Flame Tongue      |    41 |    70 ||   111
       Sticky Flame      |       |     2 ||     2
       Conjure Flame     |       |     1 ||     1
  Use: Potion            |       |     1 ||     1
 Stab: Sleeping          |     1 |       ||     1
  Eat: Chunk             |     1 |     7 ||     8
Armor: Skin              |    10 |     5 ||    15
Dodge: Dodged            |    23 |    33 ||    56

Table legend:
 A = Non-vault XP
 B = Vault XP
 C = Vault XP percentage of total XP
 D = Non-vault monster count
 E = Vault monster count
 F = Vault count percentage of total count
                 A         B        C        D         E       F
            +---------+---------+-------+---------+---------+-------
      Total |     262 |       1 |   0.4 |      60 |       1 |   1.6
            +---------+---------+-------+---------+---------+-------
        D:1 |      28 |       1 |   3.4 |      18 |       1 |   5.3
        D:2 |      89 |       0 |   0.0 |      20 |       0 |   0.0
        D:3 |      95 |       0 |   0.0 |      19 |       0 |   0.0
        D:4 |      50 |       0 |   0.0 |       3 |       0 |   0.0
            +---------+---------+-------+---------+---------+-------
